← All builds
Suicide front / Armada / Factory first / OBSERVED BUILD

Gauntlet defence

Bot Lab first but committing to a Gauntlet by 4:10, much earlier than usual, to anchor the middle with area artillery before the standard timing.

#artillery #defence · 101 distinct matches · 37 players · 5% of Armada Suicide front games · team won 47% of 106 · Recently observed

THE CATCH, AND WHAT COMES WITH IT
  • GauntletEarly defence from 4:10 · 8% of role by thenOnly 8% of Suicide front games have it by then; others who build it get it around 9:13

Where those units first fight, in 101 games with kill data: in the middle 100%.

Those units destroy a typical 1,274 metal of enemy units by 15:00.

Then transitions into rocketeer (17% of army), Rattlesnake (11% of army).

HOW TO PLAY IT

Key timing: Gauntlet by 4:08

  1. Open Bot Lab then grab mexes and wind, get sentries out for early raid.
  2. Keep making sentries and hold middle, denying leaks with cheap bots.
  3. Commit to a Gauntlet to anchor the line with area artillery.
  4. Mix in Rocketeer and Rattlesnake to hold middle rather than push in.
  5. Transition to T2 constructor once the line is stable.

Phase by phase

TYPICAL OF ITS 101 GAMES · AGAINST STANDARD SUICIDE FRONT
  1. 1
  2. 2
  3. 3
PLAY THE OPENING

Follow the example game's first 6:00 step by step: what to build now, what comes next, and where it goes. At 1× it keeps pace with your own game.

  1. 1

    Bot Lab first

    Order
    1. Bot LabBot Lab done ~0:20, middle half 0:20–0:33

    Some games also: mex (42%)

  2. 2

    Bot Lab to Early defence

    Economy
    • Metal Extractor5Mex
    • Wind Turbine4Wind
    Order
    1. GauntletEarly defence after 5 mex, 4 winddone ~5:29, middle half 4:42–5:56
    Builders
    • Construction Bot3 Con bot
    • Lazarus2 Lazarus
    Army
    • Sentry3 Sentry
    • Beamer1 Beamer
    • Rocketeer9 Rocketeer −4 vs standard
    • Tick1 Tick
    • Centurion1 Centurion
    Other
    • Radar Tower1 Radar Tower

    Some games also: con turret (35%) · Dragon's Teeth (34%)

    By 4:09 in all: 5 mex · 4 wind

    The example game in this phase · 37 steps
    1. Wind
    2. LazarusLazarus
    3. Wind
    4. Construction BotCon bot
    5. SentrySentry
    6. Construction BotCon bot
    7. CenturionCenturion
    8. Mex ×2
    9. RocketeerRocketeer
    10. Mex ×2
    11. RocketeerRocketeer ×2
    12. SentrySentry
    13. RocketeerRocketeer
    14. Con turret
    15. RocketeerRocketeer
    16. Mex
    17. LazarusLazarus
    18. RocketeerRocketeer ×2
    19. Wind
    20. RocketeerRocketeer
    21. Wind
    22. RocketeerRocketeer
    23. SentrySentry
    24. Wind
    25. SentrySentry
    26. RocketeerRocketeer
    27. Wind
    28. Con turret
    29. LazarusLazarus
    30. Wind
    31. RocketeerRocketeer
    32. Wind
    33. RocketeerRocketeer
    34. Con turret
    35. RocketeerRocketeer
    36. BeamerBeamer
    37. GauntletGauntletnot finished by 15:00 · typical 5:29
  3. 3

    Early defence to 10:00

    Economy
    • Metal Extractor1Mex
    • Wind Turbine16Wind
    • Energy Storage1Energy storage
    Builders
    • Construction Turret3 Con turret
    • Lazarus1 Lazarus
    Army
    • Rocketeer3 Rocketeer −10 vs standard
    Other
    • Dragon's Teeth5 Dragon's Teeth +5 vs standard
    • Radar Tower1 Radar Tower

    Some games also: Sentry (50%) · Beamer (49%) · con bot (48%) · tick (41%) · Gauntlet (41%)

    The standard build makes here, this one skips: 2 con bot · 2 Sentry

    By 10:00 in all: 6 mex · 23 wind · 1 energy storage · 4 con turret

    The example game in this phase · 99 steps
    1. Wind
    2. RocketeerRocketeer
    3. Wind
    4. RocketeerRocketeer
    5. Wind
    6. Construction BotCon bot
    7. Wind
    8. Construction BotCon bot
    9. Wind
    10. BeamerBeamer
    11. Wind
    12. Dragon's TeethDragon's Teeth
    13. Wind
    14. Dragon's TeethDragon's Teeth ×3
    15. Wind
    16. Dragon's TeethDragon's Teeth ×3
    17. Wind
    18. Dragon's TeethDragon's Teeth
    19. Wind
    20. Dragon's TeethDragon's Teeth
    21. Con turret
    22. Wind ×14
    23. Con turret
    24. BeamerBeamer
    25. Converter
    26. Wind
    27. Con turret
    28. Wind
    29. Converter
    30. Energy storage
    31. Converter
    32. Wind ×5
    33. Converter
    34. Wind ×5
    35. Converter
    36. Wind
    37. Radar TowerRadar Tower
    38. Wind
    39. Converter
    40. Wind ×3
    41. Converter
    42. Wind
    43. Converter
    44. Wind
    45. Converter ×2
    46. Wind
    47. Converter
    48. Wind ×3
    49. Converter
    50. Wind ×5
    51. Con turret
    52. Wind ×5
    53. Con turret
    54. Converter
    55. Wind ×3
    56. Con turret
    57. Converter
    58. Wind ×3
    59. Converter
    60. Wind
    61. Con turret
    62. Converter
    63. Wind
    64. Advanced Metal ExtractorT2 mexdone 9:12 · typical 9:41
    65. Converter
    66. Wind ×3
    67. Converter
    68. Advanced Metal ExtractorT2 mex
    69. Wind ×2
    70. Advanced Metal ExtractorT2 mex
    71. Wind ×3
    72. SentrySentry
    73. Wind ×2
    74. SentrySentry
    75. Wind ×2
    76. Advanced Metal ExtractorT2 mex
    77. Wind ×6
    78. Advanced Metal ExtractorT2 mex
    79. Wind ×6
    80. Advanced Vehicle PlantAdvanced Vehicle Plantdone 11:20
    81. Wind ×5
    82. Pit BullPit Bull
    83. Wind ×7
    84. BullBulldone 11:53
    85. Wind ×9
    86. BullBull
    87. Wind
    88. Con turret
    89. Wind
    90. Con turret
    91. AmbassadorAmbassadordone 12:42
    92. Wind ×7
    93. AmbassadorAmbassador
    94. Wind
    95. Construction BotCon bot
    96. Wind ×4
    97. SentrySentry
    98. AmbassadorAmbassador
    99. Wind ×3

Counts are medians over the build's games: half of them build more, half fewer. The example game is [crd]sisa's (46 OS, 24/09/2026); pick another.

Team trades

IN AT LEAST 30% OF ITS GAMES

You hand over

Nothing regular.

You get

  • Tidal Generator4 Tidal from Pondfirst at 0:11 · in 73% of games
  • Advanced Construction Bot1 T2 con bot from Geo or Techfirst at 7:47 · in 68% of games

How it plays out

Typical game of this build against the role’s standard build, running totals by minute

  • This build
  • Standard suicide front

Metal produced

010k20k30k
0:005:0010:0015:00

metal

Enemy metal destroyed

05k10k
0:005:0010:0015:00

metal

Own metal lost

05k10k
0:005:0010:0015:00

metal

106 games.

Show as table
ByMetal produced: This buildMetal produced: Standard suicide frontEnemy metal destroyed: This buildEnemy metal destroyed: Standard suicide frontOwn metal lost: This buildOwn metal lost: Standard suicide front
1:002302260000
2:008848890000
3:002002205613517299106
4:0031883161475660335486
5:004375423688714138501020
6:00549554301332232713091785
7:00661266612197317921762732
8:00782679102835403527573631
9:00915692983644481631844516
10:0010897106884408542640755336
11:0012430122414807589850866080
12:0014297140245797651758286842
13:0016519160426680701369187523
14:0018776179696968768076848336
15:0020948202977865830288359228
WHAT THE NUMBERS SAY

Won less often than the standard build and destroyed less enemy metal despite similar production, a defensive line that trades tempo for metal saved.

  • + Own metal lost by 15:00 lower (8980 vs 9208)
  • + Metal produced by 15:00 slightly ahead (20254 vs 19882)
  • − Team win rate well below standard (46% vs 58%)
  • − Enemy metal destroyed by 15:00 much lower (7767 vs 8172)
THE EXAMPLE YOU ARE READING

[crd]sisa

46.0 OS · 24/09/2026

Open source match ↗

5 received units · includes a constructor
375 metal received · 33802 energy received

Allied construction assistance is unknown. Timings are observations, not a promise of solo reproducibility.

Typical milestones

Bot Lab0:20Middle 50%: 0:20–0:33 · n=106
Gauntlet5:29Middle 50%: 4:42–5:56 · n=96
Advanced Metal Extractor9:41Middle 50%: 8:46–10:57 · n=80

Played most by

_X_26games of this buildImmort7games of this buildManBearPig_7games of this buildTrapCaT7games of this buildSoliloqueur6games of this build